 Dungeon Crawl Stone Soup version 0.18-a0-1211-g828307d (webtiles) character file.

2128 namelastname112 the Inventor (level 9, -11/75 HPs)
             Began as a Black Draconian Wanderer on Feb 2, 2016.
             Was a Priest of Pakellas.
             Mangled by a mummy (19 damage)
             ... on level 6 of the Dungeon.
             The game lasted 00:12:23 (6748 turns).

namelastname112 the Inventor (DrWn)                 Turns: 6748, Time: 00:12:23

Health: -11/75     AC: 13    Str: 14    XL:     9   Next: 8%
Magic:  13/14      EV: 14    Int: 12    God:    Pakellas [***...]
Gold:   267        SH:  0    Dex: 15    Spells: 0 memorised, 10 levels left

rFire  + . .     SeeInvis .     k - +2 dagger (protect)
rCold  . . .     Gourm    .     (armour unavailable)
rNeg   . . .     Faith    .     (no shield)
rPois  .         Spirit   .     (helmet restricted)
rElec  +         Dismiss  .     (no cloak)
rCorr  .         Reflect  .     x - +0 pair of gloves
SustAt .         Harm     .     (no boots)
MR     .....                    (no amulet)
Stlth  ++........               B - ring of protection from fire
                                m - ring of flight

@: short of breath, flying, not resistant to hostile enchantments, unstealthy
A: breathe lightning, unfitting armour, electricity resistance, cold-blooded, AC
+7
a: Breathe Lightning, Quick Charge, Device Surge, Renounce Religion


You were on level 6 of the Dungeon.
You worshipped Pakellas.
Pakellas was most pleased with you.
You were hungry.

You visited 1 branch of the dungeon, and saw 6 of its levels.

You collected 267 gold pieces.

Inventory:

Hand Weapons
 b - a +0 hand crossbow
 k - a +2 dagger of protection (weapon)
 u - a +0 hand axe
Missiles
 c - 9 bolts
Armour
 x - a +0 pair of gloves (worn)
Jewellery
 m - a ring of flight (left hand)
 B - a ring of protection from fire (right hand)
Wands
 p - a wand of disintegration (0/24)
 r - a wand of polymorph (11/24)
Scrolls
 e - 3 scrolls of remove curse {unknown}
 g - a scroll of teleportation {unknown}
 i - 2 scrolls of random uselessness {unknown}
 l - 8 scrolls of identify {unknown}
 o - a scroll of fog {unknown}
 s - a scroll of enchant armour {unknown}
 y - a scroll of enchant weapon {unknown}
Potions
 h - a potion of agility {unknown}
 j - 2 potions of might {unknown}
 n - a potion of flight
 t - 2 potions of poison {unknown}
 v - a potion of resistance {unknown}
 w - a potion of beneficial mutation {unknown}
 z - 2 potions of magic {unknown}
Books
 a - a book of Geomancy

   Spells                             Type                      Level
   a - Sandblast                      Earth                        1
   b - Stoneskin                      Transmutation/Earth          2
   c - Passwall                       Transmutation/Earth          3
   d - Stone Arrow                    Conjuration/Earth            3
   e - Petrify                        Transmutation/Earth          4
   f - Lee's Rapid Deconstruction     Earth                        5
Comestibles
 f - 3 bread rations
 q - 4 meat rations
 A - 2 chunks of flesh


   Skills:
 + Level 6.0 Fighting
 * Level 6.2 Axes
 - Level 2.6 Crossbows
 + Level 4.6 Dodging
 - Level 1.7 Stealth
 - Level 1.0 Spellcasting
   Level 1.5 Earth Magic
 * Level 6.7 Evocations


You had 10 spell levels left.
You didn't know any spells.

Dungeon Overview and Level Annotations

Branches:
Dungeon (6/15)
 Temple: D:4-7

Altars:
Cheibriados
Kikubaaqudgha
Makhleb
Pakellas
The Shining One


Innate Abilities, Weirdness & Mutations

You can breathe wild blasts of lightning.
Your glossy black scales are hard (AC +7).
Your body does not fit into most forms of armour.
You are resistant to electric shocks.
You are cold-blooded and may be slowed by cold attacks.


Message History

A mummy comes into view.
The centaur shoots an arrow.
The arrow hits you.
You see here an arrow.
The centaur shoots an arrow.
The arrow hits you!
* * * LOW HITPOINT WARNING * * *
You see here an arrow.
Drink which item? (? for menu, Esc to quit)
You feel better.
The centaur shoots an arrow.
The arrow closely misses you.
The centaur shoots an arrow.
The arrow hits you!!
* * * LOW HITPOINT WARNING * * *
Read which item? (? for menu, Esc to quit)
Okay, then.
Drink which item? (? for menu, Esc to quit)
You can't drink that!
Drink which item? (? for menu, Esc to quit)
It was a potion of flight.
You feel very buoyant.
You fly up into the air.
The centaur shoots an arrow.
The arrow misses you. The mummy hits you!!
You die...

###### #....# #(####
#(#### . #(...# ..
#(##.....
...####+###@# %.#%
........<.M.# ..#
.......)....# ..###
.......).).c###.....
...####.)...........
.. #........#....
#........# .
#........+
#.......)#


You could see a centaur and a mummy.

Vanquished Creatures
  Grinder (D:3)
  A wolf (D:5)
  An ice beast (D:6)
  A necrophage (D:5)
  3 ogres
  3 phantoms
  3 centaurs (D:5)
  2 giant frogs
  A scorpion (D:3)
  A crimson imp (D:5)
  2 hounds (D:5)
  3 orc wizards
  2 orc priests (D:5)
  2 iguanas
  4 worker ants
  A hound zombie (D:5)
  4 gnolls (D:2)
  9 adders
  3 oozes
  A worm (D:3)
  A giant gecko (D:5)
  11 orcs
  6 bats
  A giant cockroach (D:2)
  6 goblins
  7 hobgoblins
  8 jackals
  5 kobolds
  3 quokkas
  2 ball pythons
  A giant cockroach zombie (D:5)
  10 giant newts
  A quokka zombie (D:5)
  11 rats
121 creatures vanquished.

Vanquished Creatures (others)
  Sigmund (D:6)
1 creature vanquished.

Grand Total: 122 creatures vanquished

Notes
Turn   | Place    | Note
--------------------------------------------------------------
     0 | D:1      | namelastname112 the Draconian Wanderer began the quest for the Orb.
     0 | D:1      | namelastname112 set off with: a book of Geomancy, a +0 hand crossbow, 25 bolts, a potion of curing, a +0 dagger, a bread ration
     0 | D:1      | Reached XP level 1. HP: 17/17 MP: 2/2
    44 | D:1      | Reached XP level 2. HP: 25/25 MP: 3/3
    50 | D:1      | Reached skill level 1 in Dodging
   730 | D:2      | Reached skill level 3 in Fighting
   748 | D:2      | Found an oddly glowing altar of Pakellas.
   805 | D:2      | Became a worshipper of Pakellas the Inventive
   917 | D:2      | Reached XP level 3. HP: 31/31 MP: 4/4
  1274 | D:2      | Reached skill level 1 in Evocations
  1280 | D:2      | Reached XP level 4. HP: 17/38 MP: 5/5
  1756 | D:2      | Reached * piety under Pakellas
  1958 | D:3      | Found a snail-covered altar of Cheibriados.
  2210 | D:3      | Noticed Grinder
  2221 | D:3      | Killed Grinder
  2221 | D:3      | Reached XP level 5. HP: 40/46 MP: 5/7
  2221 | D:3      | Reached XP level 6. HP: 45/52 MP: 5/8
  2784 | D:3      | Reached skill level 4 in Fighting
  3229 | D:4      | Reduced skill Earth Magic to level 1
  3229 | D:4      | Reached XP level 7. HP: 51/59 MP: 9/9
  3229 | D:4      | Your scales start taking on a glossy black colour.
  3229 | D:4      | Gained mutation: You are resistant to electric shocks. [Black Draconian growth]
  4199 | D:5      | Entered Level 5 of the Dungeon
  4206 | D:5      | Found an ancient bone altar of Kikubaaqudgha.
  4380 | D:5      | Reached ** piety under Pakellas
  4380 | D:5      | Received a gift from Pakellas
  4416 | D:5      | Reached XP level 8. HP: 7/67 MP: 5/11
  4826 | D:5      | Found a glowing golden altar of the Shining One.
  4871 | D:5      | Reached skill level 5 in Evocations
  4922 | D:5      | Reached skill level 5 in Fighting
  5448 | D:5      | Reached skill level 5 in Axes
  5951 | D:5      | Reached skill level 6 in Evocations
  5989 | D:5      | Found a burning altar of Makhleb.
  6693 | D:6      | Noticed Sigmund
  6727 | D:6      | Reached XP level 9. HP: 48/75 MP: 13/13
  6727 | D:6      | Reached *** piety under Pakellas
  6742 | D:6      | Killed Sigmund
  6748 | D:6      | Mangled by a mummy

Vault maps used:
D:1:      onia_arrival_handbag, kennysheep_pointless_box, minmay_misc_feat_roman
D:2:      first_bread, johnstein_pakellas_dig
D:3:      cheibriados_altar_1, uniq_grinder
D:4:      minmay_misc_feat_more_columns
D:5:      kiku_gazebo_garden_becter, lightli_temple_of_fire, tso_metal_star
D:6:      fedhas_bush_and_centaur_altar, nicolae_qazlal_eye_of_the_storm,
          lemuel_coloured_pillars_altar, nicolae_overflow_crystal_walls,
          lemuel_doored_altar, nicolae_ossuary_entry_giza, uniq_eustachio,
          uniq_blork_the_orc, uniq_sigmund

Action                   |  1- 3 |  4- 6 |  7- 9 || total
-------------------------+-------+-------+-------++-------
Melee: Dagger            |    70 |    96 |   399 ||   565
 Fire: Hand crossbow     |    32 |    33 |    71 ||   136
Invok: Quick Charge      |       |       |     1 ||     1
 Abil: Breathe Lightning |       |       |    10 ||    10
Evoke: Wand              |     1 |       |     9 ||    10
  Use: Potion            |       |       |     4 ||     4
 Stab: Sleeping          |       |     2 |     1 ||     3
  Eat: Chunk             |       |     7 |    10 ||    17
       Royal jelly       |       |       |     1 ||     1
       Pizza             |       |       |     1 ||     1
